 Dungeon Crawl Stone Soup version 0.27-a0-972-gd1521fd518 (webtiles) character file.

Game seed: 2838305501782312333

8 Alarkh the Insei (level 2, 17/21 HPs)
             Began as a Demonspawn Transmuter on Apr 13, 2021.
             Got out of the dungeon alive.
             The game lasted 00:00:13 (154 turns).

Alarkh the Insei (Demonspawn Transmuter)             Turns: 154, Time: 00:00:14

Health: 17/21      AC:  2    Str: 10    XL:     2   Next: 0%
Magic:  5/5        EV: 12    Int: 14    God:
Gold:   0          SH:  0    Dex: 13    Spells: 4/5 levels left

rFire    . . .     SeeInvis .     - Unarmed
rCold    . . .     Faith    .   (no shield)
rNeg     . . .     Spirit   .   a - +0 robe
rPois    .         Reflect  .   (no helmet)
rElec    .         Harm     .   (no cloak)
rCorr    .         Rampage  .   (no gloves)
Will     .....                  (no boots)
Stlth    +.........             (no amulet)
HPRegen  0.07/turn              (no ring)
MPRegen  0.09/turn              (no ring)

@: no status effects
A: talons 1
a: no special abilities


You escaped.
You visited 1 branch of the dungeon, and saw 1 of its levels.

Inventory:

Armour
 a - a +0 robe (worn)
Potions
 b - a potion of haste {unknown}


   Skills:
 + Level 1.2 Fighting
 - Level 1.7 Dodging
 * Level 2.9 Unarmed Combat
 + Level 2.1 Spellcasting
 + Level 1.9 Transmutations


You had 4 spell levels left.
You knew the following spells:

 Your Spells              Type           Power      Damage    Failure   Level
a - Beastly Appendage     Tmut           12%        N/A       11%         1

Your spell library contained the following spells:

 Spells                   Type           Power      Damage    Failure   Level
 Wereblood                Tmut           6%         N/A       16%         2
 Spider Form              Tmut/Pois      2%         N/A       43%         3
 Ice Form                 Ice/Tmut       4%         N/A       83%         4
 Hydra Form               Tmut           3%         N/A       96%         5


Dungeon Overview and Level Annotations

Branches:
Dungeon (1/15)

Altars:


Innate Abilities, Weirdness & Mutations

You have sharp toenails.


Message History

You start resting.
Magic restored.
Your horns disappear.
Your talons disappear.
HP restored.
You see here a hobgoblin corpse.
b - a puce potion A bat, a ball python and a rat come into view.
The ball python hisses angrily.
There are monsters nearby!
Casting: Beastly Appendage (safe; 11% risk of failure)
Confirm with . or Enter, or press ? or * to list all spells.
You grow a pair of large bovine horns.
Your feet morph into talons.
The bat misses you. The bat hits you but does no damage.
Unknown command.
You barely miss the bat. Your kick misses the bat.
The bat hits you but does no damage. The bat hits you.
The bat hits you but does no damage.
You hit the ball python.
You kill the ball python!
The bat hits you but does no damage.
You closely miss the bat. You claw the bat.
The bat is severely wounded.
Your transformation is almost over.
The bat barely misses you. The bat closely misses you.
You hit the bat but do no damage. You headbutt the bat.
You kill the bat!
The rat bites you but does no damage.
You hit the rat. You headbutt the rat, but do no damage.
The rat is heavily wounded.
The rat closely misses you.
You hit the rat.
You kill the rat!
You have reached level 2!
Your demonic ancestry asserts itself...
Your mutations feel more permanent.
Unknown command.
Your horns disappear.
Your talons shrink.
There is a staircase leading out of the dungeon here.
Are you sure you want to leave the Dungeon?
This will make you lose the game!
You have escaped!

.. #.......†..≈..#
....##...#..≈.≈.##
.........#..≈.≈..##
...###...#..≈..≈..#
.
#........≈...≈.####
#.######.≈...≈....##
... #.....≈.≈≈..# ..
#...≈.≈...≈..
#..≈.@≈....≈.
#..≈......≈..
#..≈.≈≈≈≈≈..#
#..≈.......##
...≈...≈.###..
....≈..≈..# .
.....≈.≈.#..
.....≈.≈.....


There were no monsters in sight!

Vanquished Creatures
  2 ball pythons (D:1)
  A bat (D:1)
  A giant cockroach (D:1)
  A hobgoblin (D:1)
  A goblin (D:1)
  A rat (D:1)
7 creatures vanquished.

Notes
Turn   | Place    | Note
-------+----------+-------------------------------------------
     0 | D:1      | Alarkh the Demonspawn Transmuter began the quest for the
                  | Orb.
     0 | D:1      | Reached XP level 1. HP: 15/15 MP: 3/3
   139 | D:1      | Mutation became permanent: You have sharp toenails.
                  | [demonic ancestry]
   139 | D:1      | Gained mutation: You have razor-sharp toenails. [demonic
                  | ancestry]
   139 | D:1      | Reached XP level 2. HP: 16/21 MP: 3/5
   154 | D:$      | Got out of the dungeon alive.

Illustrated notes

Levels and vault maps discovered:
D:1:      ebering_trefoil_3fold, layout_basic,
          ebering_ecumenical_altar_sacrificial, minmay_3d_cube

Action                   || total
-------------------------++-------
Melee: Unarmed           ||    17
       Kick              ||     6
       Headbutt          ||     3
 Cast: Beastly Appendage ||     3
Armor: Robe              ||     6
Dodge: Dodged            ||     9

Table legend: (Time is in decaauts)
 A = Elapsed time spent in this place.
 B = Non-inter-level travel time spent in this place.
 C = Inter-level travel time spent in this place.
 D = Time resting spent in this place.
 E = Time spent auto-exploring this place.
 F = Levels seen in this place.
 G = Mean time per level.
                   A        B        C        D        E       F      G
               +--------+--------+--------+--------+--------+-----+--------+
         Total |    153 |    139 |     14 |      8 |     98 |   1 |  153.0 |
       Dungeon |    153 |    139 |     14 |      8 |     98 |   1 |  153.0 |
               +--------+--------+--------+--------+--------+-----+--------+

Top non-repeatable levels by time:
     D:1: 153 daAuts
